 Dungeon Crawl Stone Soup version 0.31-a0-210-gccc998df9b (webtiles) character file.

Game seed: 14248364204685785141

217 qw the Shooter (level 5, -5/32 HPs)
             Began as a Gargoyle Hexslinger on June 30, 2023.
             Slain by an iguana (7 damage)
             ... on level 4 of the Dungeon.
             The game lasted 00:01:04 (2430 turns).

qw the Shooter (Gargoyle Hexslinger)                Turns: 2430, Time: 00:01:05

Health: -5/32      AC: 10    Str: 12    XL:     5   Next: 94%
Magic:  6/6        EV: 10    Int: 13    God:
Gold:   199        SH:  0    Dex: 14    Spells: 5/6 levels left

rFire   . . .        Y - +1 sling
rCold   . . .        (no shield)
rNeg    + . .        g - +0 ring mail
rPois   inf          (no helmet)
rElec   +            (no cloak)
rCorr   .            (no gloves)
SInv    .            d - +0 pair of boots
Will    .....        a - amulet of faith
Stlth   +            (no ring)
HPRegen 0.25/turn    (no ring)
MPRegen 0.10/turn

%: faith
@: no status effects
A: sickness immunity, AC +4, negative energy resistance 1, electricity
resistance, torment resistance 1, petrification resistance
a: no special abilities


You were on level 4 of the Dungeon.
You visited 1 branch of the dungeon, and saw 4 of its levels.

You collected 199 gold pieces.


Innate Abilities, Weirdness & Mutations

You are immune to sickness and miasma.
Your stone body is resilient. (AC +4)
You are immune to poison.
You resist negative energy. (rN+)
You are resistant to electric shocks. (rElec)
You are resistant to unholy torment.
You are immune to petrification.


   Skills:
 - Level 3.0 Fighting
 - Level 5.3 Ranged Weapons
 + Level 0.0 Armour
 - Level 1.5 Dodging
 - Level 1.0 Spellcasting
 - Level 2.6 Hexes


You had 5 spell levels left.
You knew the following spells:

 Your Spells              Type           Power      Damage    Failure   Level
a - Slow                  Hex            28%        N/A       22%         1

Your spell library contained the following spells:

 Spells                   Type           Power      Damage    Failure   Level
 Inner Flame              Hex/Fire       4%         N/A       73%         3
 Portal Projectile        Hex/Tloc       8%         N/A       73%         3
 Cause Fear               Hex            3%         N/A       91%         4

Inventory:

Hand Weapons
 Y - a +1 sling (weapon)
Armour
 d - a +0 pair of boots (worn)
 g - a +0 ring mail (worn)
Jewellery
 a - an amulet of faith (around neck)
Scrolls
 b - a scroll of identify
Potions
 f - a potion of mutation
 h - a potion of curing

Dungeon Overview and Level Annotations

Branches:
Dungeon (4/15)
 Temple: D:4-7

Altars:
Makhleb
Xom
Yredelemnul
Zin

Shops:
D:4 *


Message History

Found a stone staircase leading down.
An iguana comes into view.
The iguana hisses angrily.
You shoot a sling bullet.
The sling bullet barely misses the iguana.
You shoot a sling bullet.
The sling bullet hits the iguana but does no damage.
You shoot a sling bullet. The sling bullet hits the iguana.
The iguana is moderately wounded.
You shoot a sling bullet.
The sling bullet hits the iguana but does no damage.
The iguana is moderately wounded.
You shoot a sling bullet.
The sling bullet closely misses the iguana.
The iguana hisses menacingly.
The iguana bites you but does no damage.
You shoot a sling bullet. The sling bullet hits the iguana.
The iguana is heavily wounded.
The iguana bites you.
You shoot a sling bullet.
The sling bullet hits the iguana but does no damage.
The iguana is heavily wounded.
The iguana bites you.
You shoot a sling bullet. The sling bullet hits the iguana.
The iguana is severely wounded.
The iguana bites you. The iguana bites you!
You shoot a sling bullet.
The sling bullet closely misses the iguana.
The iguana bites you!
You shoot a sling bullet. The sling bullet hits the iguana.
The iguana is almost dead.
The iguana closely misses you.
You shoot a sling bullet.
The sling bullet hits the iguana but does no damage.
The iguana is almost dead.
The iguana bites you but does no damage.
You shoot a sling bullet.
The sling bullet closely misses the iguana.
The iguana misses you. The iguana bites you!
You die...

\.......# #... ........#
#... ........# #..
........# #.. #
........# #.# #
........# #.# ##
........####.# ###.
.....>l@.....## #####...
.......#####..###.......
......# ##........#..
...... ##:...###...
..... ##......... #####
#.###..... ### ######


You could see an iguana.

Vanquished Creatures
  2 vampire bats (D:3)
  Natasha (twice) (D:3)
  An adder (D:2)
  A dart slug (D:2)
  2 orcs (D:3)
  2 endoplasms (D:1)
  13 giant cockroaches
  7 goblins
  3 hobgoblins
  4 quokkas
  10 ball pythons
  12 bats
  2 frilled lizards
  7 kobolds
  5 rats
  A butterfly (D:3)
74 creatures vanquished.

Notes
Turn   | Place    | Note
-------+----------+-------------------------------------------
     0 | D:1      | qw the Gargoyle Hexslinger began the quest for the Orb.
     0 | D:1      | Reached XP level 1. HP: 12/12 MP: 2/2
     0 | D:1      | 0 ||| qw: Version: 0.3-a-26-gee661ec
     0 | D:1      | 0 ||| qw: Game counter: 7260
     0 | D:1      | 0 ||| qw: Melee chars always use a shield: true
     0 | D:1      | 0 ||| qw: God list: Okawaru
     0 | D:1      | 0 ||| qw: Allow faded altars: false
     0 | D:1      | 0 ||| qw: Do Orc after clearing Dungeon:15 true
     0 | D:1      | 0 ||| qw: Do second Lair branch before Depths: true
     0 | D:1      | 0 ||| qw: Lair rune preference: random
     0 | D:1      | 0 ||| qw: Goals: Normal
     0 | D:1      | 0 ||| PLANNING D:1-11
    44 | D:1      | 44 ||| Stepping ~*~*~tactically~*~*~ (outnumbered).
    45 | D:1      | 45 ||| Stepping ~*~*~tactically~*~*~ (outnumbered).
    89 | D:1      | Reached XP level 2. HP: 16/16 MP: 3/3
   358 | D:1      | Reached skill level 3 in Ranged Weapons
   674 | D:1      | 674 ||| UPGRADING to +0 pair of boots.
   679 | D:1      | 679 ||| READING scroll labelled ELUS UBOHEMUTA.
   780 | D:1      | 780 ||| READING scroll labelled ITREKL OFAUMAF.
   781 | D:1      | 781 ||| DRINKING 2 lumpy yellow potions.
   782 | D:1      | 782 ||| DROPPING scroll of poison.
   783 | D:1      | 783 ||| DROPPING potion of brilliance.
   830 | D:2      | Reached XP level 3. HP: 21/21 MP: 4/4
   871 | D:2      | 871 ||| FLEEEEING.
   873 | D:2      | 873 ||| FLEEEEING.
   879 | D:2      | 879 ||| STAIRDANCE
  1026 | D:2      | 1026 ||| FLEEEEING.
  1027 | D:2      | 1027 ||| FLEEEEING.
  1113 | D:2      | Reached XP level 4. HP: 26/26 MP: 5/5
  1452 | D:2      | 1452 ||| READING scroll labelled CIOG WIN ZEI.
  1453 | D:2      | 1453 ||| READING scroll labelled OXOPTA AS HAXZUD.
  1489 | D:3      | Noticed Natasha
  1499 | D:3      | Killed Natasha
  1500 | D:3      | Reached skill level 4 in Ranged Weapons
  1603 | D:3      | Found a shimmering altar of Xom.
  1707 | D:3      | Reached skill level 5 in Ranged Weapons
  1707 | D:3      | Reached XP level 5. HP: 30/30 MP: 6/6
  1729 | D:3      | Found a burning altar of Makhleb.
  1734 | D:3      | Found a glowing silver altar of Zin.
  1734 | D:3      | Noticed a blizzard demon
  1734 | D:3      | Noticed an angel
  1824 | D:3      | Reached skill level 3 in Fighting
  1866 | D:3      | Noticed Natasha
  1880 | D:3      | Killed Natasha
  2082 | D:3      | Found a basalt altar of Yredelemnul.
  2341 | D:3      | 2341 ||| UPGRADING to +0 leather armour of poison
                  | resistance.
  2351 | D:3      | 2351 ||| DROPPING +0 robe.
  2352 | D:3      | 2352 ||| UPGRADING to +0 ring mail.
  2362 | D:3      | 2362 ||| DROPPING +0 leather armour of poison resistance.
  2363 | D:3      | 2363 ||| UPGRADING to amulet of faith.
  2368 | D:3      | 2368 ||| READING 3 scrolls of identify.
  2368 | D:3      | 2368 ||| IDENTIFYING pink potion
  2369 | D:3      | 2369 ||| READING 2 scrolls of identify.
  2369 | D:3      | 2369 ||| IDENTIFYING purple potion
  2418 | D:4      | Found Pyilass's Lightly-Used Armoury.
  2427 | D:4      | HP: 1/32 [iguana (10)]
  2430 | D:4      | Slain by an iguana

Levels and vault maps discovered:
D:1:      wander_arrival_desolate, layout_basic
D:2:      minmay_roachtagon, layout_rooms, patterned_corridor
D:3:      layout_basic, grunt_temple_overflow_order_and_chaos_2,
          xom_butterflies, mainiacjoe_overflow_paths, roderic_batcave,
          minmay_tree_intersection, st_stairs_5, uniq_natasha
D:4:      layout_cave_pods, nicolae_wu_jian_glorious_leap, minmay_shop_damaged,
          kennysheep_flooded_box, nicolae_concentric_dashed_squares_wild,
          sigmund_army

Skill      XL: |  1  2  3  4  5 |
---------------+----------------+-----
Ranged Weapons | 3 5 |  5.3
Fighting       | 2 3 |  3.0
Dodging        | |  1.5
Spellcasting   | |  1.0
Hexes          | |  2.6

Action                     |  1- 3 |  4- 6 || total
---------------------------+-------+-------++-------
   Fire: Sling             |   131 |   127 ||   258
    Use: Scroll            |     2 |     4 ||     6
         Potion            |     1 |       ||     1
 Armour: Robe              |    29 |    47 ||    76
         Ring mail         |       |     2 ||     2
  Dodge: Dodged            |    61 |    94 ||   155

Table legend:
 A = Non-vault XP
 B = Vault XP
 C = Vault XP percentage of total XP
 D = Non-vault monster count
 E = Vault monster count
 F = Vault count percentage of total count
                 A         B        C        D         E       F
            +---------+---------+-------+---------+---------+-------
      Total |     125 |     185 |  59.7 |      50 |      23 |  31.5
            +---------+---------+-------+---------+---------+-------
        D:1 |      32 |       0 |   0.0 |      21 |       0 |   0.0
        D:2 |      36 |      24 |  40.0 |      14 |      12 |  46.2
        D:3 |      57 |     161 |  73.9 |      15 |      11 |  42.3
            +---------+---------+-------+---------+---------+-------
